 Dungeon Crawl Stone Soup version 0.29-a0-1027-gcd8c55af63 (webtiles) character file.

Game seed: 5542280267491073218

611 Murgurak the Destroyer (level 7, 0/46 HPs)
             Began as a Human Conjurer on Aug 12, 2022.
             Was a Believer of Ashenzari.
             Slain by a gnoll
             ... wielding a +0 flail
             ... led by a gnoll sergeant
              (10 damage)
             ... on level 5 of the Dungeon.
             The game lasted 00:34:34 (5604 turns).

Murgurak the Destroyer (Human Conjurer)             Turns: 5604, Time: 00:34:34

Health: 0/46       AC:  3    Str:  8    XL:     7   Next: 72%
Magic:  0/19       EV: 13    Int: 20    God:    Ashenzari [**....]
Gold:   214        SH:  0    Dex: 11    Spells: 11/24 levels left

rFire   . . .      SeeInvis +   g - +1 dagger "Gaze Upon Infinity" {Fort, Elem} (curse)
rCold   . . .      Faith    .   (no shield)
rNeg    . . .      Spirit   .   h - +0 robe "Omniscient Oracle" {Evo, Self} (curse)
rPois   .          Reflect  .   (no helmet)
rElec   .          Harm     .   (no cloak)
rCorr   .          Rampage  .   (no gloves)
Will    .....                   d - +0 pair of boots "Mistrust of Ashenzari" {Fort, Self} (curse)
Stlth   ++........              (no amulet)
HPRegen 0.15/turn               m - ring of wizardry
MPRegen 0.16/turn               (no ring)

@: very slightly contaminated
A: no striking features
a: Renounce Religion, Shatter the Chains


You were on level 5 of the Dungeon.
You worshipped Ashenzari.
Ashenzari was pleased with you.
You visited 1 branch of the dungeon, and saw 5 of its levels.

You collected 214 gold pieces.

Inventory:

Hand Weapons
 g - the cursed +1 dagger "Gaze Upon Infinity" (weapon) {Fort, Elem}
   (You took it off a goblin on level 1 of the Dungeon)

   It has a curse which improves the following skills: Fortitude: Armour and
   Shields.
   Elements:  Fire Magic, Ice Magic, Air Magic and Earth Magic.
 k - a +0 dagger of holy wrath
Armour
 d - the cursed +0 pair of boots "Mistrust of Ashenzari" (worn) {Fort, Self}
   (You found it on level 3 of the Dungeon)

   It has a curse which improves the following skills: Fortitude: Armour and
   Shields.
   Introspection: Fighting and Spellcasting.
 h - the cursed +0 robe "Omniscient Oracle" (worn) {Evo, Self}
   (You found it on level 2 of the Dungeon)

   It has a curse which improves the following skills: Evocations: Evocations.
   Introspection: Fighting and Spellcasting.
Jewellery
 m - a ring of wizardry (left hand)
Wands
 i - a wand of iceblast (16)
Scrolls
 c - 4 scrolls of identify
 j - a scroll of teleportation
 l - a scroll of brand weapon
Potions
 a - 2 potions of curing
 e - a potion of might
 f - 2 potions of degeneration
 n - a potion of brilliance
 o - a potion of lignification
 p - a potion of mutation


   Skills:
 + Level 5.6 Dodging
 - Level 2.0 Stealth
 * Level 7.2(9.2) Spellcasting
 * Level 8.7 Conjurations


You had 11 spell levels left.
You knew the following spells:

 Your Spells              Type           Power      Damage    Failure   Level
a - Magic Dart            Conj           100%       1d8       1%          1
b - Blink                 Tloc           18%        N/A       4%          2
c - Iskenderun's Mystic   Conj/Tloc      26%        2d7       5%          4
d - Conjure Ball Lightni  Conj/Air       13%        3x3d6     56%         6

Your spell library contained the following spells:

 Spells                   Type           Power      Damage    Failure   Level
 Searing Ray              Conj           88%        2d7       1%          2
 Dazzling Flash           Conj/Hex       52%        N/A       1%          3
 Ensorcelled Hibernation  Hex/Ice        18%        N/A       4%          2
 Fulminant Prism          Conj/Hex       13%        3d9       5%          4
 Lesser Beckoning         Tloc           9%         N/A       9%          3
 Spider Form              Tmut/Pois      9%         N/A       9%          3
 Anguish                  Hex/Necr       4%         N/A       28%         4
 Manifold Assault         Tloc           9%         N/A       61%         5
 Discord                  Hex            4%         N/A       100%        8
 Disjunction              Tloc           4%         N/A       100%        8


Dungeon Overview and Level Annotations

Branches:
Dungeon (5/15)
 Temple: D:4-7

Altars:
Ashenzari
Qazlal
The Shining One

Shops:
D:1 ![?[:


Message History

Aim: a gnoll, wielding a +0 flail (100% to hit)
The magic dart hits the gnoll but does no damage.
Unknown command.
Casting: Magic Dart (safe; 1% risk of failure)
Confirm with . or Enter, or press ? or * to list all spells.
You don't have enough magic to cast this spell.
The gnoll attacks as you move away! The gnoll closely misses you.
The gnoll attacks as you move away! The gnoll hits you with a +0 flail!
* * * LOW HITPOINT WARNING * * *
Casting: Magic Dart (safe; 1% risk of failure)
Confirm with . or Enter, or press ? or * to list all spells.
You blink.
Casting: Blink (safe; 4% risk of failure)
Confirm with . or Enter, or press ? or * to list all spells.
Aiming: Magic Dart (safe; 1% risk of failure)
Press: ? - help, Shift-Dir - straight line, f - gnoll, p - gnoll
Aim: a gnoll, wielding a +0 flail (100% to hit)
The magic dart hits the gnoll.
The gnoll is moderately wounded.
The gnoll barely misses you.
Aiming: Magic Dart (safe; 1% risk of failure)
Press: ? - help, Q - select action, (/) - cycle Shift-Dir - straight line, f/p - gnoll
Aim: a gnoll, wielding a +0 flail (moderately wounded, 100% to hit)
The magic dart hits the gnoll.
The gnoll is almost dead.
Aiming: Magic Dart (safe; 1% risk of failure)
Press: ? - help, Q - select action, (/) - cycle Shift-Dir - straight line, f/p - gnoll
Aim: a gnoll, wielding a +0 flail (almost dead, 100% to hit)
The magic dart hits the gnoll.
The gnoll is almost dead.
The gnoll hits you with a +0 flail.
* * * LOW HITPOINT WARNING * * *
You don't have enough magic to cast this spell.
You don't have enough magic to cast this spell.
Okay, then.
Okay, then.
You feel better.
You feel stable enough to blink again. The gnoll closely misses you.
The gnoll hits you with a +0 flail!
You die...

* .# * * * .# +#
.# ..# ######.#
...# #.g.g..#
....#* #.###..#
....g###.# #..#
....g))..###)#####
.....###.....).g@#
....#* ##..#####g#
...# #..### #.#
..# #....# #.# +#
#.##.# #.# .#
#.##.# #.# .#
#.##.###.# .##
#........# ..##
####.#####


You could see 2 gnolls.

Vanquished Creatures
  A water moccasin (D:4)
  An ogre (D:4)
  A gnoll sergeant (D:5)
  A howler monkey (D:3)
  A hound (D:4)
  An orc priest (D:4)
  An iguana (D:3)
  2 orc wizards (D:4)
  3 gnolls (D:5)
  5 adders
  An ufetubus (D:5)
  5 orcs
  9 endoplasms
  3 giant cockroaches
  6 goblins
  8 hobgoblins
  6 jackals
  6 quokkas
  7 ball pythons
  3 bats (D:3)
  A frilled lizard (D:3)
  4 kobolds
  9 rats
85 creatures vanquished.

Notes
Turn   | Place    | Note
-------+----------+-------------------------------------------
     0 | D:1      | Murgurak the Human Conjurer began the quest for the Orb.
     0 | D:1      | Reached XP level 1. HP: 13/13 MP: 3/3
   192 | D:1      | Reached XP level 2. HP: 19/19 MP: 1/5
   257 | D:1      | Found Bimp's Antique Armour Boutique.
   267 | D:1      | Found Rialoups's Book Shoppe.
   765 | D:1      | Found Busig's Magic Scroll Boutique.
   778 | D:1      | Found Socyqetz's Distillery.
   808 | D:1      | Found Boniadea's Armour Emporium.
  1141 | D:1      | Found a faded altar of an unknown god.
  1191 | D:1      | Reached XP level 3. HP: 23/24 MP: 0/6
  1262 | D:1      | Prayed at the altar of an unknown god.
  1262 | D:1      | Became a worshipper of Ashenzari the Shackled
  2702 | D:2      | Reached skill level 5 in Dodging
  2702 | D:2      | Reached skill level 8 in Conjurations
  2702 | D:2      | Reached XP level 4. HP: 30/30 MP: 6/12
  3139 | D:2      | Learned a level 2 spell: Blink
  3144 | D:2      | Learned a level 4 spell: Iskenderun's Mystic Blast
  3398 | D:3      | Reached XP level 5. HP: 29/35 MP: 5/14
  4129 | D:4      | Found a glowing golden altar of the Shining One.
  4284 | D:4      | Reached XP level 6. HP: 41/41 MP: 14/16
  4341 | D:4      | Noticed an ogre
  4350 | D:4      | Killed an ogre
  4519 | D:4      | Noticed a water moccasin
  4530 | D:4      | Killed a water moccasin
  4531 | D:4      | Reached XP level 7. HP: 41/46 MP: 6/17
  4735 | D:4      | Found a stormy altar of Qazlal.
  5194 | D:4      | Reached * piety under Ashenzari
  5360 | D:4      | Learned a level 6 spell: Conjure Ball Lightning
  5384 | D:5      | Entered Level 5 of the Dungeon
  5418 | D:5      | Reached ** piety under Ashenzari
  5604 | D:5      | Slain by a gnoll

Illustrated notes

Levels and vault maps discovered:
D:1:      dpeg_arrival_simpleton_a, layout_basic,
          hellmonk_ecumenical_altar_run_dry, serial_shops,
          nicolae_shop_waterfront, nicolae_shop_statue_plus, shop, shop, shop,
          minmay_pentomino_r2
D:2:      layout_loops_cross
D:3:      layout_rooms, kennysheep_generic_room_10
D:4:      layout_basic, mainiacjoe_overflow_large_starburst
D:5:      layout_loops_corners, palyth_stone_intersect,
          minmay_misc_feat_encased, uniq_grinder

Skill      XL: |  1  2  3  4  5  6 |
---------------+-------------------+-----
Dodging        | 5 |  5.6
Spellcasting   | 6 7 |  7.2
Conjurations   | 8 |  8.7
Stealth        | |  2.0

Action                   |  1- 3 |  4- 6 |  7- 9 || total
-------------------------+-------+-------+-------++-------
Melee: Unarmed           |     9 |       |       ||     9
       Dagger            |     3 |       |       ||     3
 Cast: Magic Dart        |    55 |    89 |    29 ||   173
       Iskenderun's Myst |       |     2 |     7 ||     9
       Blink             |       |     2 |     1 ||     3
Invok: Curse Item        |     1 |     1 |     2 ||     4
       Shatter the Chain |     1 |       |       ||     1
  Use: Scroll            |     8 |     4 |       ||    12
       Potion            |     1 |       |     2 ||     3
Armor: Robe              |    11 |     4 |     1 ||    16
Dodge: Dodged            |    24 |     7 |     7 ||    38

Table legend: (Time is in decaauts)
 A = Elapsed time spent in this place.
 B = Non-inter-level travel time spent in this place.
 C = Inter-level travel time spent in this place.
 D = Time resting spent in this place.
 E = Time spent auto-exploring this place.
 F = Levels seen in this place.
 G = Mean time per level.
                   A        B        C        D        E       F      G
               +--------+--------+--------+--------+--------+-----+--------+
         Total |   5602 |   5523 |     79 |   2017 |   1185 |   5 | 1120.4 |
       Dungeon |   5602 |   5523 |     79 |   2017 |   1185 |   5 | 1120.4 |
               +--------+--------+--------+--------+--------+-----+--------+

Top non-repeatable levels by time:
     D:1: 1875 daAuts
     D:2: 1306 daAuts
     D:4: 1254 daAuts
     D:3: 946 daAuts
     D:5: 219 daAuts
